 Dungeon Crawl Stone Soup version 0.23.2 (webtiles) character file.

Game seed: 14384126084989297125

1255 Borgoz the Ducker (level 8, 45/67 HPs)
             Began as a Ghoul Monk on Apr 5, 2019.
             Quit the game on level 6 of the Dungeon.
             The game lasted 00:13:07 (5864 turns).

Borgoz the Ducker (Ghoul Monk)                      Turns: 5864, Time: 00:13:08

Health: 45/67      AC: 10    Str: 15    XL:     8   Next: 51%
Magic:  8/8        EV: 13    Int:  7    God:
Gold:   311        SH:  0    Dex: 11    Spells: 7/7 levels left

rFire    + . .     SeeInvis .   a - +0 short sword
rCold    + . .     Gourm    .   (no shield)
rNeg     + + +     Faith    .   j - +0 ring mail
rPois    ∞         Spirit   .   k - +0 helmet
rElec    .         Reflect  .   (no cloak)
rCorr    .         Harm     .   n - +2 pair of gloves
MR       .....                  (no boots)
Stlth    +.........             q - amulet of the acrobat
HPRegen  0.21/turn              f - ring of protection from fire
MPRegen  0.11/turn              (no ring)

@: rotting, very slow
A: rotting body, claws 1, carnivore, cold resistance 1, negative energy
resistance 3, inhibited regeneration, torment resistance, unbreathing
a: no special abilities


You were on level 6 of the Dungeon.
You were not hungry.

You visited 1 branch of the dungeon, and saw 7 of its levels.

You collected 311 gold pieces.

Inventory:

Hand Weapons
 a - a +0 short sword (weapon)
Missiles
 m - 10 tomahawks (quivered)
Armour
 j - a +0 ring mail (worn)
 k - a +0 helmet (worn)
 n - a +2 pair of gloves (worn)
Jewellery
 f - a ring of protection from fire (left hand)
 q - an amulet of the acrobat (around neck)
Wands
 g - a wand of paralysis (3)
Scrolls
 b - a scroll of immolation {unknown}
 h - a scroll of teleportation
 i - a scroll of remove curse
 l - 2 scrolls of amnesia
 r - a scroll of enchant armour
Potions
 e - a potion of haste
Comestibles
 c - 11 rations
 d - 8 chunks of flesh


   Skills:
 + Level 4.3 Fighting
 * Level 5.0 Short Blades
 * Level 5.0 Armour
 * Level 5.2 Dodging
 + Level 3.6 Stealth
 + Level 2.1 Evocations


You had 7 spell levels left.
You didn't know any spells.
Your spell library contained the following spells:

 Spells                   Type           Power        Failure   Level  Hunger
 Sticks to Snakes         Tmut           #.......     78%         2    ###....
 Beastly Appendage        Tmut           Unusable     N/A         1    N/A
 Spider Form              Tmut/Pois      Unusable     N/A         3    N/A
 Ice Form                 Ice/Tmut       Unusable     N/A         4    N/A
 Blade Hands              Tmut           Unusable     N/A         5    N/A

Dungeon Overview and Level Annotations

Branches:
Dungeon (7/15)
 Temple: D:4-7

Altars:
Dithmenos
Fedhas
Hepliaklqana
Kikubaaqudgha
Okawaru
Sif Muna
Uskayaw
Vehumet
Xom
Zin
The Shining One

Annotations:
D:3 2 transporters
D:5 Grinder


Innate Abilities, Weirdness & Mutations

Your body is rotting away.
You thrive on raw meat.
You are immune to poison.
You have sharp fingernails.
You are carnivorous and can eat meat at any time.
Your flesh is cold resistant. (rC+)
You are immune to negative energy. (rN+++)
You do not regenerate when monsters are visible.
You are immune to unholy pain and torment.
You can survive without breathing.


Message History

Your unstable footing causes you to fumble your attack.
The rat twitches its whiskers.
The rat splashes around in the water.
You hit the rat.
You kill the rat!
You see here a rat corpse.
You butcher the rat corpse.
You hear a splash.
d - 10 chunks of flesh (gained 1)
You see here a rat skeleton.
Eat one of 10 chunks of flesh? (ye/n/q)
You eat one of the 10 chunks of flesh.
You feel more resilient.
This raw flesh tastes great!
Eat one of 9 chunks of flesh? (ye/n/q)
You eat one of the 9 chunks of flesh.
This raw flesh tastes great!
Eat one of 8 chunks of flesh? (ye/n/q)
Okay, then.
Quiver which item? (- for none, * to show all) (? for menu, Esc to quit)
Okay, then.
Are you sure you want to abandon this character and quit the game? (Confirm with "yes".)

# ########
..
#≈#≈≈#≈###
...
#≈#≈##≈@≈#
.......
#÷#≈##≈#≈#
.......
#≈#≈≈#≈#≈#
.......
#≈##≈#≈#≈#
.......
#≈≈≈≈#≈#≈#
.......
####≈#≈#≈#
.......
#≈≈÷≈≈≈#.#
.......
#≈#########
.......
#≈≈≈≈≈≈≈≈≈##


There were no monsters in sight!

Vanquished Creatures
  Pikel (D:4)
  Eustachio (D:5)
  4 slaves (D:3)
  An ogre (D:4)
  A bullfrog (D:6)
  3 scorpions
  2 orc wizards
  Natasha (thrice) (D:3)
  A worker ant (D:4)
  8 adders
  2 river rats (D:6)
  2 oozes
  6 worms
  A dart slug (D:1)
  4 leopard geckos
  8 orcs
  A ball python (D:2)
  6 giant cockroaches
  5 goblins
  7 hobgoblins
  4 jackals (D:4)
  2 quokkas
  6 bats
  6 frilled lizards
  9 kobolds
  25 rats
119 creatures vanquished.

Notes
Turn   | Place    | Note
-------+----------+-------------------------------------------
     0 | D:1      | Borgoz the Ghoul Monk began the quest for the Orb.
     0 | D:1      | Reached XP level 1. HP: 19/19 MP: 0/0
   235 | D:1      | Reached XP level 2. HP: 26/26 MP: 1/1
   260 | D:1      | Reached skill level 1 in Armour
   542 | D:1      | Reached XP level 3. HP: 31/31 MP: 2/2
  1186 | D:2      | Found a hazy altar of Hepliaklqana.
  1389 | D:2      | Reached XP level 4. HP: 24/38 MP: 3/3
  1909 | D:3      | Found a glowing silver altar of Zin.
  1909 | D:3      | Noticed an angel
  2032 | D:3      | Found a glowing golden altar of the Shining One.
  2102 | D:3      | Noticed Natasha
  2127 | D:3      | Killed Natasha
  2127 | D:3      | Reached XP level 5. HP: 23/45 MP: 4/4
  2162 | D:3      | Found a transporter.
  2162 | D:3      | Found a radiant altar of Vehumet.
  2162 | D:3      | Noticed a phantom
  2164 | D:3      | Found a shimmering altar of Xom.
  2165 | D:3      | Found an iron altar of Okawaru.
  2211 | D:3      | Noticed Natasha
  2212 | D:3      | Found a transporter.
  2226 | D:3      | HP: 1/45 [Natasha (7)]
  2247 | D:3      | Killed Natasha
  2839 | D:3      | Noticed Natasha
  2862 | D:3      | Killed Natasha
  2908 | D:4      | Found a hide-covered altar of Uskayaw.
  3062 | D:4      | Reached XP level 6. HP: 50/50 MP: 5/5
  3102 | D:4      | Found a shadowy altar of Dithmenos.
  3121 | D:4      | Found a deep blue altar of Sif Muna.
  3153 | D:4      | Noticed a slave
  3168 | D:4      | Noticed a slave
  3175 | D:4      | Noticed a slave
  3175 | D:4      | Noticed a slave
  3229 | D:3      | HP: 1/50 [slave[Pikel] (7)]
  3230 | D:3      | Killed a slave
  3259 | D:3      | Killed a slave
  3428 | D:3      | Killed a slave
  3652 | D:3      | Killed a slave
  3726 | D:4      | Found an ancient bone altar of Kikubaaqudgha.
  3728 | D:4      | Found a blossoming altar of Fedhas.
  3799 | D:4      | Noticed Pikel
  3809 | D:4      | Killed Pikel
  3809 | D:4      | Reached skill level 1 in Evocations
  3809 | D:4      | Reached XP level 7. HP: 31/58 MP: 5/7
  3882 | D:4      | Reached XP level 8. HP: 48/66 MP: 8/8
  4124 | D:5      | Entered Level 5 of the Dungeon
  4128 | D:5      | Noticed Eustachio
  4142 | D:5      | Killed Eustachio
  4399 | D:5      | Reached skill level 5 in Dodging
  4502 | D:5      | Noticed Grinder
  4758 | D:5      | Paralysed by Grinder for 6 turns
  4764 | D:5      | HP: 3/65 [ogre/+0 giant spiked club (2)]
  5214 | D:6      | HP: 2/64 [adder (2)]
  5557 | D:6      | Reached skill level 5 in Short Blades
  5557 | D:6      | Reached skill level 5 in Armour
  5864 | D:6      | Quit the game

Skill      XL: |  1  2  3  4  5  6  7  8 |
---------------+-------------------------+-----
Armour         | 1 2 3 4 5 |  5.0
Dodging        | 3 4 5 |  5.2
Short Blades   | 3 4 5 |  5.0
Stealth        | 3 |  3.6
Evocations     | 1 2 |  2.1
Fighting       | 4 |  4.3

Action                   |  1- 3 |  4- 6 |  7- 9 || total
-------------------------+-------+-------+-------++-------
Melee: Short sword       |   136 |   390 |   312 ||   838
Evoke: Wand              |       |     1 |     3 ||     4
  Use: Scroll            |     4 |     1 |     5 ||    10
       Potion            |       |     7 |     3 ||    10
 Stab: Sleeping          |    11 |     1 |       ||    12
       Paralysed         |       |     4 |     3 ||     7
  Eat: Chunk             |     5 |    18 |     8 ||    31
Armor: Robe              |    14 |       |       ||    14
       Ring mail         |       |   152 |   132 ||   284
Dodge: Dodged            |    71 |   258 |   232 ||   561
